 Dungeon Crawl Stone Soup version 0.29.0-5-ge4962eb29e (webtiles) character file.

Game seed: 4116526036224600295

331 freelancePsychic the Twirler (level 7, -4/51 HPs)
             Began as a Meteoran Hedge Wizard on Aug 29, 2022.
             Was a Follower of Elyvilon.
             Slain by a killer bee (8 damage)
             ... on level 5 of the Dungeon.
             The game lasted 00:07:42 (1929 turns).

freelancePsychic the Twirler (MeHW)                 Turns: 1929, Time: 00:07:43

Health: -4/51      AC:  6    Str: 12    XL:     7   Next: 8%
Magic:  13/16      EV:  9    Int: 18    God:    Elyvilon [*.....]
Gold:   173        SH:  0    Dex: 13    Spells: 13/14 levels left

rFire   . . .      SeeInvis .   a - +0 lajatang
rCold   . . .      Faith    .   (shield currently unavailable)
rNeg    + . .      Spirit   .   h - +0 scale mail
rPois   .          Reflect  .   c - +0 hat
rElec   .          Harm     .   (no cloak)
rCorr   .          Rampage  .   (no gloves)
Will    .....                   (no boots)
Stlth   ..........              (no amulet)
HPRegen 0.17/turn               j - ring of positive energy
MPRegen 0.15/turn               (no ring)

@: lethally poisoned (-4 -> -10), glowing
A: sense surroundings 1, otherworldly, glowing, explore regen, frail 1, high MP
1, mutation resistance 1
a: Renounce Religion, Purification


You were on level 5 of the Dungeon.
You worshipped Elyvilon.
Elyvilon was aware of your devotion.
You visited 1 branch of the dungeon, and saw 5 of its levels.

You collected 173 gold pieces.

Inventory:

Hand Weapons
 a - a +0 lajatang (weapon)
 l - a +0 dagger
Armour
 b - a +0 robe
 c - a +0 hat (worn)
 d - a +0 leather armour
 g - a +2 robe of willpower
 h - a +0 scale mail (worn)
Jewellery
 j - a ring of positive energy (left hand)
Wands
 e - a wand of iceblast (9)
Potions
 m - a potion of invisibility


   Skills:
 + Level 3.5 Fighting
 * Level 4.9 Staves
 - Level 2.4 Dodging
 - Level 1.4 Stealth
 - Level 4.4 Spellcasting
 - Level 2.2 Conjurations
 - Level 1.2 Summonings
 - Level 1.2 Translocations
 + Level 2.4 Invocations


You had 13 spell levels left.
You knew the following spells:

 Your Spells              Type           Power      Damage    Failure   Level
a - Magic Dart            Conj           48%        1d5       30%         1

Your spell library contained the following spells:

 Spells                   Type           Power      Damage    Failure   Level
 Blink                    Tloc           16%        N/A       56%         2
 Call Imp                 Summ           8%         N/A       56%         2
 Slow                     Hex            16%        N/A       61%         1
 Conjure Flame            Conj/Fire      8%         6-21      83%         3
 Mephitic Cloud           Conj/Pois/Air  6%         N/A       86%         3
 Inner Flame              Hex/Fire       4%         N/A       93%         3
 Cause Fear               Hex            2%         N/A       100%        4
 Discord                  Hex            2%         N/A       100%        8


Dungeon Overview and Level Annotations

Branches:
Dungeon (5/15) Zot: 1032
 Temple: D:4-7

Altars:
Elyvilon


Innate Abilities, Weirdness & Mutations

You passively map a small area around you.
You are easily found by Zot.
You glow in the dark.
You regain HP and MP as you explore.
You are frail. (-10% HP)
You have an increased reservoir of magic. (+10% MP)
You are somewhat resistant to further mutation.


Message History

The killer bee poisons you!
The killer bee attacks as you move away!
The killer bee stings you but does no damage.
You feel very sick. The killer bee barely misses you.
You miss the killer bee.
You feel sick. The killer bee closely misses you.
The killer bee barely misses you.
You are too injured to fight recklessly!
You are too injured to fight recklessly!
You are too injured to fight recklessly!
You are too injured to fight recklessly!
You feel purified! The killer bee barely misses you. The killer bee stings you.
You barely miss the killer bee. The killer bee misses you.
The killer bee stings you.
You miss the killer bee. The killer bee closely misses you.
The killer bee stings you.
You are poisoned.
The killer bee poisons you!
You miss the killer bee.
You feel very sick.
The killer bee stings you but does no damage.
The killer bee closely misses you.
The killer bee stings you but does no damage.
You feel purified!
You can no longer heal and attempt to pacify others.
The killer bee stings you. The killer bee barely misses you.
You closely miss the killer bee.
The killer bee stings you but does no damage.
The killer bee barely misses you.
You miss the killer bee.
The killer bee stings you but does no damage.
The killer bee stings you!
* * * LOW HITPOINT WARNING * * *
You miss the killer bee. The killer bee stings you.
* * * LOW HITPOINT WARNING * * *
The killer bee stings you.
* * * LOW HITPOINT WARNING * * *
You are lethally poisoned!
The killer bee poisons you! The killer bee stings you!
You die...

, ,, #####.#### ,*
, #.....# #, ,
#.##### , , #. * ,
#.# , , #. *** *
#.# #.. #.# ,
..##..### #.#
..y.....#########.#
#.##..y@....#
#....########
###### ,


You could see a killer bee.

Vanquished Creatures
  A necrophage (D:4)
  An orc priest (D:4)
  A hound (D:3)
  Jessica (D:3)
  An iguana (D:4)
  Ijyb (D:3)
  6 adders
  A shadow imp (D:5)
  2 worms (D:3)
  4 dart slugs
  5 orcs
  3 ball pythons
  7 endoplasms
  2 giant cockroaches
  2 goblins
  4 hobgoblins
  A quokka (D:1)
  3 bats
  2 frilled lizards (D:3)
  5 kobolds
  7 rats
60 creatures vanquished.

Notes
Turn   | Place    | Note
-------+----------+-------------------------------------------
     0 | D:1      | freelancePsychic the Meteoran Hedge Wizard began the quest
                  | for the Orb.
     0 | D:1      | Reached XP level 1. HP: 14/14 MP: 6/6
    66 | D:1      | Reached XP level 2. HP: 12/22 MP: 5/8
   204 | D:2      | Reached skill level 1 in Fighting
   301 | D:2      | Gained mutation: You occasionally lose the ability to drink
                  | potions when taking damage. [potion of mutation]
   301 | D:2      | HP: 1/23 [adder (3)]
   303 | D:2      | Reached XP level 3. HP: 2/28 MP: 0/9
   381 | D:2      | Found a white marble altar of Elyvilon.
   390 | D:2      | Became a worshipper of Elyvilon the Healer
   800 | D:3      | Noticed Jessica
   815 | D:2      | Reached skill level 1 in Staves
   815 | D:2      | Reached XP level 4. HP: 19/36 MP: 11/11
   868 | D:3      | Killed Jessica
   883 | D:3      | Noticed Ijyb
   906 | D:3      | Reached XP level 5. HP: 42/42 MP: 12/12
   922 | D:3      | Killed Ijyb
   971 | D:3      | Reached * piety under Elyvilon
  1136 | D:3      | Reached XP level 6. HP: 50/50 MP: 13/13
  1396 | D:4      | Reached skill level 1 in Invocations
  1406 | D:4      | Lost mutation: You occasionally lose the ability to drink
                  | potions when taking damage. [potion of mutation]
  1406 | D:4      | Gained mutation: You have an increased reservoir of magic.
                  | (+10% MP) [potion of mutation]
  1406 | D:4      | Gained mutation: You are frail. (-10% HP) [potion of
                  | mutation]
  1406 | D:4      | Gained mutation: You are somewhat resistant to further
                  | mutation. [potion of mutation]
  1581 | D:4      | Noticed a sky beast
  1815 | D:4      | Reached XP level 7. HP: 40/51 MP: 16/16
  1865 | D:5      | Entered Level 5 of the Dungeon
  1865 | D:5      | Reached ** piety under Elyvilon
  1929 | D:5      | Slain by a killer bee

Illustrated notes

Levels and vault maps discovered:
D:1:      eino_arrival_water_cross, layout_rooms
D:2:      layout_basic, basic_altar, uniq_crazy_yiuf_cottage
D:3:      layout_loops_ring, lemuel_blue_sif_altar, uniq_ijyb, uniq_jessica
D:4:      minmay_opposing_rooms, layout_basic, mainiacjoe_overflow_chevrons,
          grunt_decor_cap
D:5:      layout_loops_cross, lemuel_temple_firewalk_b

Skill      XL: |  1  2  3  4  5  6 |
---------------+-------------------+-----
Fighting       | 1 2 3 |  3.5
Conjurations   | 2 |  2.2
Staves         | 1 2 3 4 |  4.9
Invocations    | 2 |  2.4
Dodging        | |  2.4
Stealth        | |  1.4
Spellcasting   | |  4.4
Summonings     | |  1.2
Translocations | |  1.2

Action                   |  1- 3 |  4- 6 |  7- 9 || total
-------------------------+-------+-------+-------++-------
Melee: Dagger            |    14 |     1 |       ||    15
       Lajatang          |    13 |   145 |    31 ||   189
       Unarmed           |       |    14 |       ||    14
 Cast: Magic Dart        |    42 |    14 |     1 ||    57
Invok: Purification      |       |       |     2 ||     2
  Use: Potion            |     2 |     7 |       ||     9
       Scroll            |       |     7 |     2 ||     9
Armor: Leather armour    |     7 |     5 |       ||    12
       Skin              |       |    41 |       ||    41
       Scale mail        |       |    56 |    19 ||    75
Dodge: Dodged            |    33 |    63 |    11 ||   107
